 Dungeon Crawl Stone Soup version 0.21-a0-153-g78480df (webtiles) character file.

132869 Moloch the Executioner (level 17, 0/112 HPs)
             Began as a Gargoyle Fighter on July 31, 2017.
             Was the Champion of Okawaru.
             Slain by a swamp worm (11 damage)
             ... on level 3 of the Swamp.
             The game lasted 01:18:12 (26248 turns).

Moloch the Executioner (Gargoyle Fighter)          Turns: 26248, Time: 01:18:12

Health: 0/112      AC: 42    Str: 22    XL:     17   Next: 13%
Magic:  17/17      EV: 10    Int:  9    God:    Okawaru [******]
Gold:   374        SH:  0    Dex: 17    Spells: 16/16 levels left

rFire    + . .     SeeInvis .   Q - +9 executioner's axe (freeze)
rCold    + + .     Gourm    .   (shield currently unavailable)
rNeg     + + .     Faith    .   k - +2 scale mail of Resilience {rN+ MR+ Stlth+}
rPois    ∞         Spirit   .   u - +1 helmet of Afaor {rC+}
rElec    +         Reflect  .   K - +2 cloak {MR+}
rCorr    .         Harm     .   X - +0 pair of gloves {Dex+3}
MR       +++..                  c - +1 pair of boots {run}
Stlth    +.........             m - amulet of regeneration
HPRegen  0.68/turn              U - ring of protection from fire
MPRegen  0.15/turn              a - ring of Robustness {AC+8}

@: flying, very slightly contaminated, quick
A: big wings, slimy green scales 1, thin metallic scales 1, cold resistance 1,
negative energy resistance 1, electricity resistance, unbreathing, petrification
resistance, rot immunity, MP-powered wands, sturdy frame 1, AC +12
a: Stop Flying, Heroism, Finesse, Renounce Religion


You were on level 3 of the Swamp.
You worshipped Okawaru.
Okawaru was exalted by your worship.
You were hungry.

You visited 5 branches of the dungeon, and saw 27 of its levels.
You also visited: Labyrinth, Sewer and Ice Cave.

You collected 2968 gold pieces.
You spent 2594 gold pieces at shops.

Inventory:

Hand Weapons
 r - a +3 vampiric executioner's axe
 y - a +1 demon trident of electrocution
 F - a +3 trident of freezing
 Q - a +9 executioner's axe of freezing (weapon)
Armour
 c - a +1 pair of boots of running (worn)
 k - the +2 scale mail of Resilience (worn) {rN+ MR+ Stlth+}
   (Okawaru gifted it to you on level 6 of the Lair of Beasts)

   It protects you from negative energy.
   It affects your resistance to hostile enchantments.
   It makes you more stealthy.
 u - the +1 helmet of Afaor (worn) {rC+}
   (Okawaru gifted it to you on level 13 of the Dungeon)

   It protects you from cold.
 K - a +2 cloak of magic resistance (worn)
 X - a +0 pair of gloves of dexterity (worn)
Jewellery
 a - the ring of Robustness (right hand) {AC+8}
   (You bought it in a shop on level 2 of the Orcish Mines)

   [ring of protection]

   It affects your AC (+8).
 m - an amulet of regeneration (around neck)
 z - an uncursed ring of protection from fire
 R - an uncursed ring of protection from cold
 S - an uncursed ring of resist corrosion
 U - a ring of protection from fire (left hand)
Wands
 n - a wand of confusion (33/48)
 C - a wand of random effects (25/48)
 H - a wand of random effects (40/48)
 O - a wand of disintegration (13/24)
 V - a wand of disintegration (0/24)
Scrolls
 b - 5 scrolls of recharging
 e - a scroll of fear
 j - 7 scrolls of teleportation
 o - 3 scrolls of amnesia
 s - 2 scrolls of magic mapping
 A - a scroll of silence
 B - 3 scrolls of enchant armour
 E - 9 scrolls of remove curse
 G - 5 scrolls of identify
 I - 4 scrolls of vulnerability
 P - a scroll of summoning
 T - 2 scrolls of fog
Potions
 d - 7 potions of might
 h - a potion of resistance
 i - 2 potions of invisibility
 l - 6 potions of curing
 t - a potion of agility
 v - 2 potions of ambrosia
 w - 3 potions of magic
 D - 5 potions of brilliance
 W - 3 potions of berserk rage
 Y - 2 potions of mutation
Miscellaneous
 q - a phantom mirror
Comestibles
 f - 15 bread rations
 g - 13 meat rations
 p - 25 royal jellies
 x - 14 fruits


   Skills:
 - Level 14.9 Fighting
 * Level 22.4 Axes
 - Level 3.2 Armour
   Level 3.2 Shields


You had 16 spell levels left.
You didn't know any spells.

Dungeon Overview and Level Annotations

Branches:
Dungeon (15/15)            Temple (0/1) D:4            Lair (6/6) D:11
  Swamp (3/4) Lair:3       Spider (0/4) Lair:3        Slime (0/5) Lair:5
    Orc (2/2) D:10            Elf (0/3) Orc:2        Vaults (0/5) D:14
 Depths (1/5) D:15

Altars:
Cheibriados
Elyvilon
Gozag
Hepliaklqana
Kikubaaqudgha
Makhleb
Nemelex Xobeh
Okawaru
Qazlal
Ru
Sif Muna
Trog
Uskayaw
Vehumet
Xom
Zin
The Shining One
Beogh

Shops:
D:4 =   D:6 (   D:9 ?   D:10 (   D:12 ?   D:13 =   Orc:2 [=([:

Annotations:
D:11 4 exclusions
D:15 1 runed door, exclusions: upstairs and 1 more exclusion


Innate Abilities, Weirdness & Mutations

You are resistant to torment.
Your stone body is resilient. (AC +12)
You are immune to poison.
Your large and strong wings let you fly indefinitely.
You resist negative energy. (rN+)
You are resistant to electric shocks. (rElec)
You can survive without breathing.
You are immune to petrification.
You are immune to rotting.
You are partially covered in slimy green scales. (AC +2)
You are partially covered in thin metallic scales. (AC +2)
Your flesh is cold resistant. (rC+)
You expend magic power (3 MP) to strengthen your wands.
Your movements are slightly less encumbered by armour. (ER -2)


Message History

The tyrant leech is heavily wounded.
The spriggan rider hits you but does no damage.
The tyrant leech bites you!!
* * * LOW HITPOINT WARNING * * *
Unknown command.
Blink to where?
Press: ? - help, Dir - move target cursor You are very lightly contaminated with residual magic.
As you read the scroll of blinking, it crumbles to dust.
As you read the scroll of teleportation, it crumbles to dust.
You feel strangely unstable.
You found an alarm trap!
Your surroundings suddenly seem different.
A swamp worm bursts forth from the water.
The swamp worm bites you but does no damage.
A swamp worm is nearby!
You slash the swamp worm! You freeze the swamp worm.
The swamp worm is heavily wounded.
The swamp worm bites you!
You die...

♣♣♣♣♣♣♣♣♣♣
♣≈.......♣♣♣♣♣♣♣♣
♣≈.≈≈.≈≈≈.≈.≈♣..♣
♣♣♣...§≈≈§≈≈≈.≈.♣♣
♣♣≈≈♣...≈≈≈≈≈≈.♣♣♣♣
♣♣..|...≈≈≈≈≈≈≈.≈♣≈♣♣
♣.≈≈@w≈≈≈≈≈≈≈≈≈..≈...
♣≈§..≈≈≈≈≈.≈....≈≈≈≈≈
♣♣♣.≈..≈≈≈.≈.≈≈≈≈≈≈≈≈
♣♣♣♣♣♣.≈≈≈≈♣.≈≈≈≈≈≈≈≈
♣♣..≈..(≈≈≈♣♣.≈≈≈≈≈≈≈≈
♣.≈≈...≈≈.♣♣♣<≈......♣
♣.≈≈≈≈≈≈≈♣♣ ♣♣♣.....≈†
♣.≈≈≈≈≈≈.♣ ♣..≈≈≈.)
♣♣.§≈≈≈≈♣♣ ♣?≈≈≈≈≈≈


You could see a swamp worm.

Vanquished Creatures
  Donald (Swamp:1)
  Gastronok (Lair:1)
  2 tengu reavers
  A frost giant (IceCv)
  A dire elephant (D:15)
  A minotaur (Lab)
  Fannar (D:10)
  20 hydras
  8 vault guards (D:14)
  2 death knights
  3 ghost crabs
  7 two-headed ogres
  3 centaur warriors
  4 alligators
  A deep troll earth mage (D:13)
  4 death yaks
  3 orc high priests
  A skeletal warrior (D:15)
  An unseen horror (D:13)
  2 spriggan druids (Swamp:3)
  5 orc knights
  2 swamp dragons
  The ghost of wazuzu the Destroyer, a novice OpWz of Kikubaaqudgha (D:7)
  A phantasmal warrior (D:15)
  Pikel (D:7)
  4 orc sorcerers (Orc:2)
  17 ugly things
  2 cyclopes (D:11)
  3 deep elf magi
  2 oklob plants (D:11)
  4 manticores
  A salamander (D:15)
  2 black mambas
  An ice statue (IceCv)
  3 elephants (Lair:2)
  Psyche (D:10)
  Joseph (D:9)
  27 spiny frogs
  A centaur skeleton (D:14)
  2 gargoyles
  4 kobold demonologists
  A yaktaur (D:15)
  6 rime drakes
  A komodo dragon (shapeshifter) (Depths:1)
  2 efreet
  8 komodo dragons
  A queen bee (D:11)
  4 trolls
  A hornet (D:13)
  17 polar bears
  8 tyrant leeches
  A wolf spider simulacrum (D:15)
  43 blink frogs
  7 dream sheep (Lair:3)
  6 bog bodies
  8 hippogriffs
  17 slime creatures
  4 shadows
  A spriggan (Swamp:3)
  2 vampires
  37 yaks
  3 wyverns
  6 wraiths
  4 hungry ghosts
  3 basilisks
  A steam dragon (D:8)
  17 vampire mosquitoes
  10 swamp worms
  An acid dragon (D:11)
  14 water moccasins
  3 porcupines
  A black bear (D:13)
  An eye of draining (D:9)
  30 orc warriors
  4 swamp drakes
  2 slaves (D:7)
  An ice beast (D:5)
  11 ogres
  5 sky beasts
  4 necrophages
  24 wolves
  16 centaurs
  15 crocodiles
  29 bullfrogs
  10 big kobolds
  An earth elemental (Lab)
  2 wyvern zombies
  A wyvern skeleton (D:13)
  20 killer bees
  10 scorpions
  10 wights
  A howler monkey (D:11)
  An electric eel (Lair:6)
  10 crimson imps
  A bullfrog zombie (D:9)
  2 bullfrog skeletons (D:11)
  18 orc wizards
  4 hounds
  26 orc priests
  3 jellies
  An iron imp (D:5)
  Jessica (D:2)
  7 iguanas
  Natasha (thrice) (D:4)
  14 worker ants
  A killer bee zombie (D:6)
  19 adders
  4 gnolls
  6 river rats
  4 shadow imps
  5 oozes
  9 worms
  2 leopard geckos
  99 orcs
  4 giant cockroaches
  7 goblins
  8 hobgoblins
  3 quokkas
  5 ball pythons (Sewer)
  4 bats
  A frilled lizard (D:1)
  26 kobolds
  A leopard gecko skeleton (D:7)
  10 rats
  A bush (Lair:6)
  7 fungi
  14 plants
918 creatures vanquished.

Vanquished Creatures (others)
  2 slaves (D:7)
  A necrophage (Swamp:1)
  An orc (Orc:2)
  4 bushes (Lair:6)
  14 fungi
  18 plants
40 creatures vanquished.

Grand Total: 958 creatures vanquished

Notes
Turn   | Place    | Note
-------+----------+-------------------------------------------
     0 | D:1      | Moloch the Gargoyle Fighter began the quest for the Orb.
     0 | D:1      | Reached XP level 1. HP: 14/14 MP: 1/1
   232 | D:1      | Reached skill level 2 in Axes
   257 | D:1      | Reached XP level 2. HP: 15/19 MP: 2/2
   767 | D:2      | Reached XP level 3. HP: 24/24 MP: 3/3
   857 | D:2      | Noticed Jessica
   866 | D:2      | Killed Jessica
   866 | D:2      | Reached skill level 3 in Axes
   866 | D:2      | Reached XP level 4. HP: 29/29 MP: 4/4
   902 | D:2      | Found a deep blue altar of Sif Muna.
   902 | D:2      | Found a stormy altar of Qazlal.
   902 | D:2      | Found a snail-covered altar of Cheibriados.
   902 | D:2      | Found a hide-covered altar of Uskayaw.
  1466 | D:3      | Found a hazy altar of Hepliaklqana.
  1471 | D:3      | Found a shimmering altar of Xom.
  1471 | D:3      | Noticed an earth elemental
  1472 | D:3      | Noticed a spectral ugly thing
  1472 | D:3      | Noticed an earth elemental
  2120 | D:4      | Noticed a centaur
  2127 | D:4      | Killed a centaur
  2127 | D:4      | Reached skill level 4 in Axes
  2127 | D:4      | Reached XP level 5. HP: 33/34 MP: 5/5
  2211 | D:4      | Found an iron altar of Okawaru.
  2286 | D:4      | Became a worshipper of Warmaster Okawaru
  2344 | D:4      | Noticed Natasha
  2345 | D:4      | Noticed an ogre
  2743 | D:4      | Killed an ogre
  2743 | D:4      | Reached skill level 5 in Axes
  2743 | D:4      | Reached XP level 6. HP: 21/39 MP: 6/6
  2817 | D:4      | Found Seora's Jewellery Shop.
  2882 | D:4      | Killed Natasha
  2886 | D:4      | Noticed Natasha
  2900 | D:4      | Killed Natasha
  2937 | D:4      | Noticed Natasha
  2951 | D:4      | Killed Natasha
  3012 | D:4      | Reached skill level 6 in Axes
  3012 | D:4      | Reached XP level 7. HP: 40/44 MP: 7/7
  3070 | D:4      | Found a staircase to the Ecumenical Temple.
  3123 | D:5      | Entered Level 5 of the Dungeon
  3137 | D:5      | Reached * piety under Okawaru
  3277 | D:5      | Reached skill level 7 in Axes
  3289 | D:5      | Found a sacrificial altar of Ru.
  3355 | D:5      | Reached XP level 8. HP: 48/48 MP: 8/8
  3466 | D:5      | Reached ** piety under Okawaru
  3561 | D:5      | Reached skill level 8 in Axes
  3564 | D:5      | Found a glowing drain.
  3572 | Sewer    | Entered a sewer
  3924 | Sewer    | Reached skill level 5 in Fighting
  4461 | D:5      | Reached skill level 9 in Axes
  4462 | D:5      | Found a snail-covered altar of Cheibriados.
  4683 | D:6      | Found Lehyoqaun's Antique Weapon Emporium.
  4966 | D:6      | Reached XP level 9. HP: 52/54 MP: 9/9
  5047 | D:6      | Found a glowing golden altar of the Shining One.
  5205 | D:6      | Found an opulent altar of Gozag.
  5329 | D:7      | Reached skill level 10 in Axes
  5364 | D:7      | Noticed Pikel
  5380 | D:7      | Killed Pikel
  5380 | D:7      | Reached *** piety under Okawaru
  5423 | D:7      | Found an ancient bone altar of Kikubaaqudgha.
  5631 | D:7      | Noticed wazuzu's ghost (novice OpWz)
  5676 | D:7      | Killed wazuzu's ghost
  5676 | D:7      | Reached **** piety under Okawaru
  5676 | D:7      | Reached skill level 11 in Axes
  5797 | D:7      | Reached XP level 10. HP: 60/60 MP: 10/10
  6080 | D:8      | Noticed a cyclops
  6105 | D:7      | Reached skill level 12 in Axes
  6235 | D:8      | Found a radiant altar of Vehumet.
  6357 | D:8      | Found a white marble altar of Elyvilon.
  6609 | D:8      | Noticed a two-headed ogre
  6652 | D:8      | Killed a two-headed ogre
  6712 | D:8      | Noticed a two-headed ogre
  6744 | D:8      | Killed a two-headed ogre
  6744 | D:8      | Reached ***** piety under Okawaru
  6744 | D:8      | Reached skill level 13 in Axes
  7250 | D:9      | Found a burning altar of Makhleb.
  7256 | D:9      | Noticed Joseph
  7281 | D:9      | Killed Joseph
  7353 | D:9      | Found Ythran's Magic Scroll Shop.
  7358 | D:9      | Bought a scroll of enchant weapon for 82 gold pieces
  7598 | D:9      | Found a bloodstained altar of Trog.
  8075 | D:10     | Entered Level 10 of the Dungeon
  8075 | D:10     | Found Ihicuus's Antique Weapon Boutique.
  8075 | D:10     | Found a staircase to the Orcish Mines.
  8075 | D:10     | Noticed Fannar
  8089 | D:9      | HP: 1/63 [orc warrior/dire flail (7)]
  8302 | D:9      | Reached XP level 11. HP: 42/67 MP: 11/11
  8514 | D:9      | Received a gift from Okawaru
  8587 | D:10     | Killed Fannar
  8646 | D:10     | Noticed Psyche
  8802 | D:10     | Gained mutation: You passively map a small area around you. [mutagenic meat]
  8803 | D:10     | Gained mutation: You are frail. (-10% HP) [mutagenic meat]
  8804 | D:10     | Gained mutation: You are weak. (Str -2) [mutagenic meat]
  8805 | D:10     | Gained mutation: You passively map the area around you. [mutagenic meat]
  8807 | D:10     | Gained mutation: You are partially covered in slimy green scales. (AC +2) [mutagenic meat]
  8822 | D:10     | Reached skill level 14 in Axes
  8849 | D:10     | Killed Psyche
  9190 | Orc:1    | Entered Level 1 of the Orcish Mines
  9190 | Orc:1    | Noticed an orc knight
  9331 | D:9      | Killed an orc knight
  9494 | D:9      | Noticed a sixfirhy
  9927 | D:11     | Noticed an oklob plant
  9930 | D:11     | Found a staircase to the Lair.
  9941 | D:11     | Noticed an oklob plant
 10510 | D:11     | Noticed a cyclops
 10523 | D:11     | Killed a cyclops
 10574 | D:11     | Noticed a cyclops
 10595 | D:11     | Killed a cyclops
 10595 | D:11     | Reached skill level 15 in Axes
 10686 | D:11     | Found a sparkling altar of Nemelex Xobeh.
 10743 | D:11     | Noticed a green ugly thing
 10797 | D:11     | Killed a green ugly thing
 10873 | D:11     | Reached ****** piety under Okawaru
 10873 | D:11     | Reached XP level 12. HP: 48/67 MP: 12/12
 10952 | D:11     | Found a roughly hewn altar of Beogh.
 11162 | Lair:1   | Entered Level 1 of the Lair of Beasts
 11739 | Lair:1   | Reached skill level 16 in Axes
 11755 | Lair:1   | Received a gift from Okawaru
 11836 | Lair:1   | Noticed Gastronok
 11861 | Lair:1   | Killed Gastronok
 12890 | Lair:3   | Reached skill level 10 in Fighting
 12923 | Lair:3   | Found a frozen archway.
 12951 | IceCv    | Entered an ice cave
 12978 | IceCv    | Identified a scroll of acquirement
 13025 | IceCv    | Reached XP level 13. HP: 56/73 MP: 13/13
 13103 | IceCv    | Reached skill level 17 in Axes
 13130 | IceCv    | Received a gift from Okawaru
 13565 | IceCv    | Noticed a frost giant
 13591 | IceCv    | Killed a frost giant
 13653 | IceCv    | Identified the Volume of Unstable Slavery
 13944 | Orc:2    | Entered Level 2 of the Orcish Mines
 14351 | Orc:2    | Found Wioreom's Book Boutique.
 14627 | Orc:2    | Found a staircase to the Elven Halls.
 14767 | Orc:1    | Reached skill level 18 in Axes
 15215 | Orc:1    | Received a gift from Okawaru
 15397 | Orc:2    | Received a gift from Okawaru
 15555 | Orc:2    | Paralysed by an orc sorcerer for 6 turns
 15857 | Orc:2    | Gained mutation: Your large and strong wings let you fly indefinitely. [Gargoyle growth]
 15857 | Orc:2    | Reached XP level 14. HP: 81/81 MP: 14/14
 15891 | Orc:2    | Found Akkoont's Antique Armour Shop.
 15891 | Orc:2    | Found Sehiviq's Armour Shoppe.
 15893 | Orc:2    | Found Senoug's Antique Weapon Shoppe.
 15893 | Orc:2    | Found Honned's Jewellery Shop.
 16172 | Lair:3   | Found a hole to the Spider Nest.
 16359 | Lair:3   | Received a gift from Okawaru
 16373 | Lair:3   | Identified a +1 pair of boots of running (Okawaru gifted it to you on level 3 of the Lair of Beasts)
 16679 | Lair:3   | Reached skill level 19 in Axes
 16765 | Lair:3   | Found a staircase to the Swamp.
 17960 | Lair:5   | Found a staircase to the Slime Pits.
 18102 | Lair:5   | Received a gift from Okawaru
 18564 | Lair:6   | Entered Level 6 of the Lair of Beasts
 18790 | Lair:6   | Reached XP level 15. HP: 64/86 MP: 15/15
 18793 | Lair:6   | Reached skill level 20 in Axes
 18904 | Lair:6   | Received a gift from Okawaru
 18910 | Lair:6   | Got a bloodstained scale mail {god gift}
 18927 | Lair:6   | Identified the +2 scale mail of Resilience {rN+ MR+ Stlth+} (Okawaru gifted it to you on level 6 of the Lair of Beasts)
 20106 | D:12     | Gained mutation: Armour fits poorly on your strangely shaped body. [mutagenic meat]
 20108 | D:12     | Lost mutation: You are frail. (-10% HP) [mutagenic meat]
 20186 | D:12     | Found Putugg's Magic Scroll Emporium.
 20602 | D:13     | Gained mutation: You expend magic power (3 MP) to strengthen your wands. [mutagenic meat]
 20603 | D:13     | Gained mutation: You are partially covered in thin metallic scales. (AC +2) [mutagenic meat]
 20604 | D:13     | Gained mutation: You have large cloven feet. [mutagenic meat]
 20808 | D:13     | Found Guannat's Jewellery Shop.
 20886 | D:13     | Found a bloodstained altar of Trog.
 20886 | D:13     | Noticed a tengu reaver
 20905 | D:13     | Killed a tengu reaver
 20905 | D:13     | Received a gift from Okawaru
 20922 | D:13     | Found a sparkling altar of Nemelex Xobeh.
 20963 | D:13     | Got a heavily runed helmet {god gift}
 20974 | D:13     | Identified the +1 helmet of Afaor {rC+} (Okawaru gifted it to you on level 13 of the Dungeon)
 21127 | D:13     | Found a burning altar of Makhleb.
 21459 | D:14     | Reached skill level 21 in Axes
 21484 | D:14     | Lost mutation: Armour fits poorly on your strangely shaped body. [mutagenic meat]
 21485 | D:14     | Gained mutation: Your flesh is cold resistant. (rC+) [mutagenic meat]
 21486 | D:14     | Gained mutation: Your movements are slightly less encumbered by armour. (ER -2) [mutagenic meat]
 21508 | D:14     | Found a labyrinth entrance.
 21515 | Lab      | Entered a labyrinth
 21937 | Lab      | Got a spiked cloak
 21939 | Lab      | Identified Qewnogh's Almanac of Protection
 21953 | Lab      | Identified the +2 cloak of Eternity {Int+3} (You found it in a labyrinth)
 22036 | D:14     | Reached XP level 16. HP: 101/105 MP: 16/16
 22124 | D:14     | Lost mutation: You are weak. (Str -2) [mutagenic meat]
 22125 | D:14     | Lost mutation: You passively map the area around you. [mutagenic meat]
 22127 | D:14     | Lost mutation: You passively map a small area around you. [mutagenic meat]
 22129 | D:14     | Lost mutation: You have large cloven feet. [mutagenic meat]
 22234 | D:14     | Found a shimmering altar of Xom.
 22355 | D:14     | Found a gate to the Vaults.
 22934 | D:15     | Entered Level 15 of the Dungeon
 22965 | D:15     | Found a glowing silver altar of Zin.
 22965 | D:15     | Noticed a daeva
 22969 | D:15     | Found a runed door.
 23254 | D:15     | Received a gift from Okawaru
 23475 | D:15     | Found a staircase to the Depths.
 24093 | Depths:1 | Entered Level 1 of the Depths
 24095 | Depths:1 | Noticed a tengu reaver
 24108 | Depths:1 | Killed a tengu reaver
 24448 | Orc:2    | Bought the ring of Robustness {AC+8} for 2176 gold pieces
 24597 | D:12     | Bought a scroll of enchant weapon for 112 gold pieces
 24597 | D:12     | Bought a scroll of enchant armour for 112 gold pieces
 24597 | D:12     | Bought a scroll of enchant armour for 112 gold pieces
 24707 | Swamp:1  | Entered Level 1 of the Swamp
 24794 | Swamp:1  | Noticed Donald
 24808 | Swamp:1  | Killed Donald
 25024 | Swamp:1  | Reached skill level 22 in Axes
 26089 | Swamp:3  | Received a gift from Okawaru
 26092 | Swamp:3  | Reached XP level 17. HP: 99/112 MP: 17/17
 26238 | Swamp:3  | HP: 5/112 [tyrant leech (28)]
 26248 | Swamp:3  | Slain by a swamp worm

Vault maps used:
D:1:      minmay_arrival_checkered_box
D:2:      chequers_temple_overflow_statue_of_worship, uniq_jessica
D:3:      regret_index_temple_of_mockery
D:4:      okawaru_metal_pillars_3, minmay_temple_entry_statues_pillars,
          serial_shops, kennysheep_mini_moat, minmay_tree_intersection,
          uniq_natasha
D:5:      nicolae_ru_great_annihilating_truth, first_bread,
          lightli_sewer_entry_pipes, chei_slow_surprise
D:6:      nicolae_overflow_hidden_temple, lemuel_coloured_pillars_altar,
          serial_shops, shop
D:7:      lemuel_crystal_altar, uniq_pikel
D:8:      lemuel_doored_altar, basic_altar
D:9:      lemuel_crystal_altar, serial_shops, shop, basic_altar, uniq_joseph
D:10:     orc_david_3, serial_shops, shop, uniq_psyche, uniq_fannar
D:11:     dpeg_oklobed_lair, basic_altar, david_nohive_1
D:12:     serial_shops, nicolae_shop_crystal
D:13:     serial_shops, nicolae_shop_stone, basic_altar, jmf_multi_god_temple
D:14:     erik_vaults_2, lab_entry_generic, minivault_19, lemuel_statue_altar
D:15:     hangedman_depths_entry_try_elsewhere_first, nicolae_benzene_ring,
          lemuel_angel_altar
Lair:1:   serial_bayou_shore_a, uniq_gastronok
Lair:2:   grunt_megastairs_1
Lair:3:   minmay_swamp_entry_worms, dummy_spider_entry, portal_ice_cave_rime,
          minivault_25, uniq_rupert
Lair:5:   minmay_slime_entry_pillars, infiniplex_staircase_pool
Lair:6:   minmay_lair_end_frog_pond, minmay_hedge_maze
Swamp:1:  evilmike_swamp_ruin_house_3, roderic_carrion_pond, uniq_donald
Swamp:2:  hangedman_swamp_blocks, swamp_pool3, hangedman_swamp_diagram,
          water_boxes_lemuel
Swamp:3:  evilmike_swamp_ruin_rubble_2
Orc:2:    grunt_orc_tribal_feast, serial_shops, nicolae_shop_behind_doors
Depths:1: enter_ziggurat_b, serial_sigils_hangedman_leer, hell_entry,
          kennysheep_generic_room_8
Lab:      nicolae_lab_dead_adventurers, nicolae_lab_big_swirl,
          nicolae_lab_starburst, nicolae_lab_flowing_pool, nicolae_lab_swirl,
          nicolae_lab_checkerboard, labyrinth_skeletal_remains
Sewer:    sewer_co_tree
IceCv:    ice_cave_caverns_01

Skill      XL: |  1  2  3  4  5  6  7  8  9 10 11 12 13 14 15 16 |
---------------+-------------------------------------------------+-----
Axes           | 2 3 4 5 6 7 9 11 13 15 16 18 19 21 22 | 22.4
Fighting       | 4 5 6 7 8 10 11 12 13 14 | 14.9
Armour         | |  3.2
Shields        | |  3.2

Action                   |  1- 3 |  4- 6 |  7- 9 | 10-12 | 13-15 | 16-18 || total
-------------------------+-------+-------+-------+-------+-------+-------++-------
Melee: War axe           |    77 |   156 |   484 |  1097 |       |       ||  1814
       Battleaxe         |       |       |       |    76 |  1220 |   295 ||  1591
       Trident           |       |       |       |       |   138 |    26 ||   164
       Executioner's axe |       |       |       |       |       |   188 ||   188
 Fire: Blowgun           |       |       |       |    19 |       |       ||    19
Invok: Heroism           |       |       |       |       |     5 |     2 ||     7
 Abil: Fly               |       |       |       |       |     1 |       ||     1
Evoke: Wand              |       |       |       |    26 |     2 |     2 ||    30
  Use: Scroll            |       |    14 |     1 |    20 |    16 |     7 ||    58
       Potion            |       |     1 |     1 |     1 |     4 |       ||     7
 Stab: Invisible         |       |       |     1 |       |     1 |       ||     2
       Sleeping          |       |       |       |       |     2 |       ||     2
       Distracted        |       |       |       |       |     1 |       ||     1
       Confused          |       |       |       |       |       |     1 ||     1
  Eat: Chunk             |       |     7 |    11 |    30 |    43 |    18 ||   109
       Fruit             |       |       |       |     3 |     3 |       ||     6
Armor: Scale mail        |    11 |       |       |       |   318 |   321 ||   650
       Chain mail        |    37 |   107 |   291 |       |       |       ||   435
       Skin              |       |       |    74 |       |       |       ||    74
       Plate armour      |       |       |     1 |   749 |   759 |       ||  1509
Dodge: Dodged            |    11 |    33 |    93 |   128 |   363 |   185 ||   813
Block: Shield            |    43 |    88 |   246 |   493 |       |       ||   870
